EL
JACKSON GENERALS @ PORTLAND SEA DOGS
09/18/2046
 
TOP OF THE 1ST
Jackson Generals batting - Pitching for Portland Sea Dogs : LHP John Hotham
Pitching: LHP John Hotham
Batting: SHB Jose Castillo 0-0: Foul Ball, location: 2F
0-1: Bunted foul
0-2: Strikes out looking
Batting: RHB Robby Cuellar 0-0: Fly out, F8 (Line Drive, 8LM, EV 105.6 MPH)
Batting: RHB Josh Ruhl 0-0: Called Strike
0-1: Called Strike
0-2: Ball
1-2: Ball
2-2: Ball
3-2: Foul Ball, location: 2F
3-2: DOUBLE (Flyball, 8RXD, EV 96.2 MPH)
Batting: RHB Sean Peake 0-0: Ball
1-0: SINGLE (Groundball, 6MD, EV 96.2 MPH)
Josh Ruhl to third
Runner from 3rd tries for Home, SAFE, throw by CF to home
Batting: RHB Micah Roth 0-0: Ball
Sean Peake steals 2nd base
1-0: Called Strike
Sean Peake steals 3rd base
1-1: Ball
2-1: Fly out, F6 (Popup, 15S, EV 86.2 MPH)
Top of the 1st over - 1 run, 2 hits, 0 errors, 1 left on base; Jackson 1 - Portland 0
BOTTOM OF THE 1ST
Portland Sea Dogs batting - Pitching for Jackson Generals : LHP Matt Lee
Pitching: LHP Matt Lee
Batting: RHB John Chiesa 0-0: Ball
1-0: Fly out, F8 (Line Drive, 8LM, EV 93.8 MPH)
Batting: RHB Matt Hinkle 0-0: Called Strike
0-1: Bunt for hit to 5S - play at first, batter OUT! 5-3
Batting: RHB William Lung 0-0: Fly out, F9 (Flyball, 89S, EV 70.6 MPH)
Bottom of the 1st over - 0 runs, 0 hits, 0 errors, 0 left on base; Jackson 1 - Portland 0
TOP OF THE 2ND
Jackson Generals batting - Pitching for Portland Sea Dogs : LHP John Hotham
Batting: LHB Jawad Fahad 0-0: Called Strike
0-1: Ball
1-1: Called Strike
1-2: Ball
2-2: Strikes out swinging
Batting: RHB Joe Stading 0-0: Called Strike
0-1: Ball
1-1: Foul Ball, location: 2F
1-2: Foul Ball, location: 2F
1-2: Foul Ball, location: 2F
1-2: Foul Ball, location: 2F
1-2: Ball
2-2: Strikes out swinging
Batting: RHB Matt Berkley 0-0: Ground out 6-3 (Groundball, 56, EV 83.8 MPH)
Top of the 2nd over - 0 runs, 0 hits, 0 errors, 0 left on base; Jackson 1 - Portland 0
BOTTOM OF THE 2ND
Portland Sea Dogs batting - Pitching for Jackson Generals : LHP Matt Lee
Batting: RHB Jose Diaz 0-0: Called Strike
0-1: Called Strike
0-2: SINGLE (Flyball, 3D, EV 88.8 MPH)
Batting: LHB Jarrett Mordecai 0-0: Ground out 6-3 (Groundball, 4, EV 85.0 MPH)
Jose Diaz to second
Batting: RHB Mike Cavagnaro 0-0: Foul Ball, location: 2F
0-1: Ground out 6-3 (Groundball, P, EV 88.8 MPH)
Jose Diaz to third
Batting: RHB Tommy Boudreaux 0-0: Ball
1-0: Ground out 3-1 (Groundball, 34S, EV 79.4 MPH)
Bottom of the 2nd over - 0 runs, 1 hit, 0 errors, 1 left on base; Jackson 1 - Portland 0
TOP OF THE 3RD
Jackson Generals batting - Pitching for Portland Sea Dogs : LHP John Hotham
Batting: LHB Adam Lancaster 0-0: Called Strike
0-1: Ball
1-1: Ball
2-1: Foul Ball, location: 2F
2-2: Ball
3-2: Base on Balls
Batting: SHB Jose Castillo 0-0: Foul Ball, location: 2F
0-1: Ball
1-1: Foul Ball, location: 2F
1-2: Strikes out looking
Batting: RHB Robby Cuellar 0-0: Ball
1-0: Foul Ball, location: 2F
1-1: Grounds into double play, 4-6-3 (Groundball, 4M, EV 101.2 MPH)
Top of the 3rd over - 0 runs, 0 hits, 0 errors, 0 left on base; Jackson 1 - Portland 0
BOTTOM OF THE 3RD
Portland Sea Dogs batting - Pitching for Jackson Generals : LHP Matt Lee
Batting: RHB Nick Cottrell 0-0: Called Strike
0-1: Ball
1-1: Foul Ball, location: 2F
1-2: Strikes out swinging
Batting: LHB Stanislav Parusov 0-0: Ground out 6-3 (Groundball, 6, EV 78.1 MPH)
Batting: RHB John Chiesa 0-0: Ball
1-0: Ball
2-0: Ball
3-0: Base on Balls
Batting: RHB Matt Hinkle 0-0: Ball
1-0: Called Strike
1-1: Ball
2-1: Fielders Choice at 2nd, 6-4 (Groundball, 6, EV 103.8 MPH)
Bottom of the 3rd over - 0 runs, 0 hits, 0 errors, 1 left on base; Jackson 1 - Portland 0
TOP OF THE 4TH
Jackson Generals batting - Pitching for Portland Sea Dogs : LHP John Hotham
Batting: RHB Josh Ruhl 0-0: Ball
1-0: Called Strike
1-1: Foul Ball, location: 2F
1-2: Ball
2-2: Fly out, F9 (Flyball, 9LD, EV 105.0 MPH)
Batting: RHB Sean Peake 0-0: Ball
1-0: SOLO HOME RUN (Flyball, 9D, EV 101.2 MPH), Distance : 387 ft
Batting: RHB Micah Roth 0-0: Ball
1-0: Ball
2-0: SINGLE (Flyball, 89S, EV 88.1 MPH)
Batting: LHB Jawad Fahad 0-0: Called Strike
0-1: Called Strike
Micah Roth steals 2nd base (no throw)
0-2: Strikes out swinging
Batting: RHB Joe Stading 0-0: Called Strike
0-1: Foul Ball, location: 2F
0-2: Strikes out swinging
Top of the 4th over - 1 run, 2 hits, 0 errors, 1 left on base; Jackson 2 - Portland 0
BOTTOM OF THE 4TH
Portland Sea Dogs batting - Pitching for Jackson Generals : LHP Matt Lee
Batting: RHB William Lung 0-0: Ball
1-0: Ball
2-0: Ball
3-0: Base on Balls
Batting: RHB Jose Diaz 0-0: Fly out, F9 (Flyball, 9S, EV 79.4 MPH)
Batting: LHB Jarrett Mordecai 0-0: Ball
1-0: Foul Ball, location: 2F
1-1: Foul Ball, location: 2F
1-2: Grounds into double play, 5-6-3 (Groundball, 6, EV 103.1 MPH)
Bottom of the 4th over - 0 runs, 0 hits, 0 errors, 0 left on base; Jackson 2 - Portland 0
TOP OF THE 5TH
Jackson Generals batting - Pitching for Portland Sea Dogs : LHP John Hotham
Batting: RHB Matt Berkley 0-0: Called Strike
0-1: Foul Ball, location: 2F
0-2: Foul Ball, location: 2F
0-2: Foul Ball, location: 2F
0-2: Foul Ball, location: 2F
0-2: Ball
1-2: Ground out 6-3 (Groundball, 6, EV 102.5 MPH)
Batting: LHB Adam Lancaster 0-0: Called Strike
0-1: Ball
1-1: Ball
2-1: Called Strike
2-2: Ball
3-2: Foul Ball, location: 2F
3-2: Fly out, F5 (Line Drive, 56, EV 64.4 MPH)
Batting: SHB Jose Castillo 0-0: Called Strike
0-1: Foul Ball, location: 2F
0-2: Ball
1-2: Strikes out swinging
Top of the 5th over - 0 runs, 0 hits, 0 errors, 0 left on base; Jackson 2 - Portland 0
BOTTOM OF THE 5TH
Portland Sea Dogs batting - Pitching for Jackson Generals : LHP Matt Lee
Batting: RHB Mike Cavagnaro 0-0: Reached on error, E4 (Groundball, 4, EV 78.1 MPH)
Batting: RHB Tommy Boudreaux 0-0: Foul Ball, location: 2F
0-1: Swinging Strike
0-2: SINGLE (Groundball, 4MD, EV 106.2 MPH)
Mike Cavagnaro to third
Batting: RHB Nick Cottrell 0-0: Ball
1-0: Ball
2-0: Called Strike
2-1: Ball
3-1: DOUBLE (Flyball, 78D, EV 94.4 MPH)
Mike Cavagnaro scores
Tommy Boudreaux to third
Batting: LHB Stanislav Parusov 0-0: Called Strike
0-1: SINGLE (Line Drive, 56D, EV 95.0 MPH)
Tommy Boudreaux scores
Nick Cottrell to third
Batting: RHB John Chiesa 0-0: Called Strike
0-1: Ball
1-1: Ball
2-1: Foul Ball, location: 2F
2-2: Foul Ball, location: 2F
2-2: Ball
3-2: Fielders Choice at 2nd, 4-6 (Groundball, 4, EV 78.8 MPH)
Nick Cottrell scores
Batting: RHB Matt Hinkle 0-0: Called Strike
John Chiesa steals 2nd base
0-1: SINGLE (Line Drive, 78M, EV 97.5 MPH)
John Chiesa to third
Batting: RHB William Lung 0-0: Called Strike
Matt Hinkle is caught stealing 2nd base 2-4
0-1: Ball
1-1: DOUBLE (Flyball, 8LXD, EV 105.6 MPH)
John Chiesa scores
Batting: RHB Jose Diaz 0-0: Ground out 1-3 (Groundball, 15S, EV 71.2 MPH)
Bottom of the 5th over - 4 runs, 5 hits, 1 error, 1 left on base; Jackson 2 - Portland 4
TOP OF THE 6TH
Jackson Generals batting - Pitching for Portland Sea Dogs : LHP John Hotham
Batting: RHB Robby Cuellar 0-0: Ball
1-0: Ball
2-0: Ball
3-0: Base on Balls
Batting: RHB Josh Ruhl 0-0: Ball
1-0: Ball
2-0: Fly out, F9 (Flyball, 9LSF, EV 91.9 MPH)
Batting: RHB Sean Peake 0-0: Called Strike
0-1: Fielders Choice at 2nd, 5-4 (Groundball, 56, EV 78.8 MPH)
Batting: RHB Micah Roth 0-0: Called Strike
0-1: Ball
1-1: Called Strike
Sean Peake steals 2nd base
1-2: Ball
2-2: Ground out 6-3 (Groundball, 6, EV 103.1 MPH)
Top of the 6th over - 0 runs, 0 hits, 0 errors, 1 left on base; Jackson 2 - Portland 4
BOTTOM OF THE 6TH
Portland Sea Dogs batting - Pitching for Jackson Generals : LHP Matt Lee
Batting: LHB Jarrett Mordecai 0-0: Swinging Strike
0-1: Ball
1-1: Swinging Strike
1-2: Strikes out swinging
Batting: RHB Mike Cavagnaro 0-0: Ball
1-0: Foul Ball, location: 2F
1-1: Ball
2-1: Ground out U3 (Groundball, 3, EV 81.9 MPH)
Batting: RHB Tommy Boudreaux 0-0: Ball
1-0: Fly out, F8 (Flyball, 8LD, EV 82.5 MPH)
Bottom of the 6th over - 0 runs, 0 hits, 0 errors, 0 left on base; Jackson 2 - Portland 4
TOP OF THE 7TH
Jackson Generals batting - Pitching for Portland Sea Dogs : LHP John Hotham
Pitching: RHP Elliot Monroe
Batting: LHB Jawad Fahad 0-0: Ball
1-0: Ball
2-0: Foul Ball, location: 2F
2-1: Swinging Strike
2-2: Strikes out swinging
Batting: RHB Joe Stading 0-0: Called Strike
0-1: Ball
1-1: SINGLE (Groundball, 6MD, EV 101.9 MPH)
Batting: RHB Matt Berkley 0-0: Foul Ball, location: 2F
0-1: Called Strike
0-2: Ball
1-2: Foul Ball, location: 2F
1-2: Fly out, F9 (Flyball, 89M, EV 93.1 MPH)
Batting: LHB Adam Lancaster 0-0: Called Strike
0-1: Ball
1-1: Fly out, F9 (Line Drive, 9, EV 100.0 MPH)
Top of the 7th over - 0 runs, 1 hit, 0 errors, 1 left on base; Jackson 2 - Portland 4
BOTTOM OF THE 7TH
Portland Sea Dogs batting - Pitching for Jackson Generals : LHP Matt Lee
Batting: RHB Nick Cottrell 0-0: Called Strike
0-1: SINGLE (Flyball, 6MD, EV 91.2 MPH)
Batting: LHB Stanislav Parusov 0-0: Bunt - Flyout to 23! F3
Batting: RHB John Chiesa 0-0: Fly out, F9 (Flyball, 9D, EV 100.6 MPH)
Batting: RHB Matt Hinkle 0-0: Ball
1-0: Ball
2-0: Ball
Wild Pitch!
Nick Cottrell to second
3-0: Called Strike
3-1: Foul Ball, location: 2F
3-2: Base on Balls
Pitching: RHP Ian Gaines
Batting: RHB William Lung 0-0: Ball
1-0: Swinging Strike
1-1: Ball
2-1: Ball
3-1: Foul Ball, location: 2F
3-2: Ground out 4-3 (Groundball, 4, EV 78.8 MPH)
Bottom of the 7th over - 0 runs, 1 hit, 0 errors, 2 left on base; Jackson 2 - Portland 4
TOP OF THE 8TH
Jackson Generals batting - Pitching for Portland Sea Dogs : RHP Elliot Monroe
Batting: SHB Jose Castillo 0-0: Ball
1-0: Called Strike
1-1: Ground out 4-3 (Groundball, 4, EV 88.1 MPH)
Batting: RHB Robby Cuellar 0-0: Called Strike
0-1: Foul Ball, location: 2F
0-2: Foul Ball, location: 2F
0-2: Ground out 5-3 (Groundball, 56, EV 102.5 MPH)
Batting: RHB Josh Ruhl 0-0: DOUBLE (Flyball, 78D, EV 96.2 MPH)
Batting: RHB Sean Peake 0-0: Called Strike
0-1: Ball
1-1: Foul Ball, location: 2F
1-2: Foul Ball, location: 2F
1-2: Strikes out swinging
Top of the 8th over - 0 runs, 1 hit, 0 errors, 1 left on base; Jackson 2 - Portland 4
BOTTOM OF THE 8TH
Portland Sea Dogs batting - Pitching for Jackson Generals : RHP Ian Gaines
Batting: RHB Jose Diaz 0-0: Ground out U3 (Groundball, 34, EV 105.0 MPH)
Batting: LHB Jarrett Mordecai 0-0: Ball
1-0: Called Strike
1-1: SINGLE (Groundball, 4MD, EV 97.5 MPH)
Batting: RHB Mike Cavagnaro 0-0: Called Strike
0-1: Fly out, F9 (Line Drive, 9S, EV 98.1 MPH)
Batting: RHB Tommy Boudreaux 0-0: Called Strike
0-1: Ball
1-1: Ball
2-1: SINGLE (Line Drive, 3D, EV 100.0 MPH)
Jarrett Mordecai to second
Runner from 2nd tries for 3rd, SAFE, throw by RF made to third
Batting: RHB Nick Cottrell 0-0: Ball
Tommy Boudreaux is caught stealing 2nd base 2-4
Bottom of the 8th over - 0 runs, 2 hits, 0 errors, 1 left on base; Jackson 2 - Portland 4
TOP OF THE 9TH
Jackson Generals batting - Pitching for Portland Sea Dogs : RHP Elliot Monroe
Pitching: RHP Mike Osgood
Batting: RHB Micah Roth 0-0: Called Strike
0-1: DOUBLE (Flyball, 8LXD, EV 106.2 MPH)
Batting: LHB Jawad Fahad 0-0: Called Strike
0-1: Ball
1-1: Swinging Strike
1-2: Ball
2-2: Ball
3-2: Base on Balls
Batting: RHB Joe Stading 0-0: Ball
1-0: Called Strike
1-1: Ball
2-1: Called Strike
2-2: Strikes out swinging
Batting: RHB Matt Berkley 0-0: Called Strike
0-1: Fielders Choice at 2nd, 5-4 (Groundball, 56, EV 106.2 MPH)
Micah Roth to third
Batting: LHB Adam Lancaster 0-0: Ball
1-0: Called Strike
1-1: Ball
2-1: Foul Ball, location: 2F
2-2: Hit by Pitch
Matt Berkley to second
Batting: SHB Jose Castillo 0-0: Called Strike
0-1: Foul Ball, location: 2F
0-2: Strikes out swinging
Top of the 9th over - 0 runs, 1 hit, 0 errors, 3 left on base; Jackson 2 - Portland 4
Tuesday, September 13th , 2022 - OOTP Baseball 23.7 Build 88